PL
PANAMA CITY PIRANHAS @ RICHARDSON CITY THUNDERCATS
04/15/2027
 
TOP OF THE 1ST
Panama City Piranhas batting - Pitching for Richardson City Thundercats : LHP Armando Gonzáles
Pitching: LHP Armando Gonzáles
Batting: SHB Tsing Guao 0-0: Ball
1-0: Called Strike
1-1: Ball
2-1: Swinging Strike
2-2: Ground out 6-3 (Groundball, 6)
Batting: LHB Herman Hayes 0-0: Fly out, F6 (Popup, 56D)
Batting: RHB Juan Jose Ayala 0-0: Ground out 4-3 (Groundball, 4S)
Top of the 1st over - 0 run(s), 0 hit(s), 0 error(s), 0 left on base; Panama City 0 - Richardson City 0
BOTTOM OF THE 1ST
Richardson City Thundercats batting - Pitching for Panama City Piranhas : LHP Pedro Alejándrez
Pitching: LHP Pedro Alejándrez
Batting: RHB Jonathan Cook 0-0: Called Strike
0-1: Called Strike
0-2: Foul Ball, location: 2F
0-2: Foul Ball, location: 2F
0-2: Ball
1-2: Ground out 6-3 (Groundball, 6)
Batting: RHB Juan Cabrera 0-0: Swinging Strike
0-1: Called Strike
0-2: Ball
1-2: Ball
2-2: Fly out, F8 (Flyball, 8LD)
Batting: RHB José Cruz 0-0: Ball
1-0: Ball
2-0: Ball
3-0: Called Strike
3-1: Fly out, F8 (Flyball, 8LXD)
Bottom of the 1st over - 0 run(s), 0 hit(s), 0 error(s), 0 left on base; Panama City 0 - Richardson City 0
TOP OF THE 2ND
Panama City Piranhas batting - Pitching for Richardson City Thundercats : LHP Armando Gonzáles
Batting: RHB Baldomero Avino 0-0: Swinging Strike
0-1: Called Strike
0-2: SINGLE (Line Drive, 6M)
Batting: LHB Robert Adams 0-0: Fly out, F7 (Flyball, 7S)
Batting: RHB Armando Alvarado 0-0: Called Strike
0-1: SINGLE (Line Drive, 8LS)
Baldomero Avino to second
Batting: RHB Fernando Silva 0-0: Called Strike
0-1: Ball
1-1: Grounds into double play, 4-6-3 (Groundball, 4)
Top of the 2nd over - 0 run(s), 2 hit(s), 0 error(s), 1 left on base; Panama City 0 - Richardson City 0
BOTTOM OF THE 2ND
Richardson City Thundercats batting - Pitching for Panama City Piranhas : LHP Pedro Alejándrez
Batting: RHB Tomás Martínez 0-0: Called Strike
0-1: SOLO HOME RUN (Flyball, 7LD), Distance : 353 ft
Batting: RHB Alan Elder 0-0: Swinging Strike
0-1: Foul Ball, location: 2F
0-2: Ball
1-2: SINGLE (Groundball, 2R) (infield hit)
Batting: RHB Joey Jones 0-0: Called Strike
0-1: Foul Ball, location: 2F
0-2: Ball
1-2: Foul Ball, location: 2F
1-2: Ball
2-2: Foul Ball, location: 2F
2-2: Foul Ball, location: 2F
2-2: Fielders Choice at 2nd, 6-4 (Groundball, 6)
Batting: RHB Alden Wiley 0-0: Foul Ball, location: 2F
0-1: Ball
1-1: Ball
2-1: Fly out, F6 (Line Drive, 56)
Batting: SHB Mitch Qualtrough 0-0: Ball
1-0: Called Strike
1-1: Called Strike
Joey Jones steals 2nd base
1-2: Ball
2-2: SINGLE (Groundball, 34D)
Joey Jones to third
Runner from 3rd tries for Home, SAFE, no throw
Batting: RHB Chriss Mann 0-0: Called Strike
0-1: Ball
Mitch Qualtrough steals 2nd base
1-1: Ball
Mitch Qualtrough steals 3rd base
2-1: Reached on error, E6 (Line Drive, 6)
Mitch Qualtrough scores
Batting: RHB Jonathan Cook 0-0: Ball
1-0: Called Strike
1-1: Ball
2-1: Called Strike
2-2: Strikes out swinging
Bottom of the 2nd over - 3 run(s), 3 hit(s), 1 error(s), 1 left on base; Panama City 0 - Richardson City 3
TOP OF THE 3RD
Panama City Piranhas batting - Pitching for Richardson City Thundercats : LHP Armando Gonzáles
Batting: RHB Tim Barnes 0-0: SOLO HOME RUN (Flyball, 7D), Distance : 394 ft
Batting: SHB Marc Talamante 0-0: Called Strike
0-1: Ball
1-1: Called Strike
1-2: Fly out, F8 (Flyball, 8RM)
Batting: SHB Tsing Guao 0-0: Called Strike
0-1: Ball
1-1: Ball
2-1: Ball
3-1: Base on Balls
Batting: LHB Herman Hayes 0-0: Called Strike
0-1: Foul Ball, location: 2F
0-2: Ball
1-2: Fly out, F7 (Flyball, 78M)
Batting: RHB Juan Jose Ayala 0-0: Called Strike
0-1: Ball
1-1: Called Strike
1-2: Ball
2-2: Foul Ball, location: 2F
2-2: Foul Ball, location: 2F
2-2: Foul Ball, location: 2F
2-2: Ball
3-2: SINGLE (Groundball, 3D)
Tsing Guao to second
Tsing Guao to third
Batting: RHB Baldomero Avino 0-0: SINGLE (Line Drive, 78M)
Tsing Guao scores
Juan Jose Ayala to second
Batting: LHB Robert Adams 0-0: Called Strike
0-1: Fly out, F9 (Flyball, 9S)
Top of the 3rd over - 2 run(s), 3 hit(s), 0 error(s), 2 left on base; Panama City 2 - Richardson City 3
BOTTOM OF THE 3RD
Richardson City Thundercats batting - Pitching for Panama City Piranhas : LHP Pedro Alejándrez
Batting: RHB Juan Cabrera 0-0: Ball
1-0: Called Strike
1-1: Ball
2-1: Ball
3-1: SINGLE (Groundball, 56D)
Pitching: RHP Eduardo Capata
Batting: RHB José Cruz 0-0: Called Strike
0-1: Swinging Strike
0-2: Foul Ball, location: 2F
0-2: Ball
1-2: Foul Ball, location: 2F
1-2: Fly out, F7 (Flyball, 78D)
Batting: RHB Tomás Martínez 0-0: Called Strike
0-1: Foul Ball, location: 2F
0-2: Foul Ball, location: 2F
0-2: Ball
1-2: Ball
2-2: Ball
3-2: Strikes out looking
Juan Cabrera is caught stealing 2nd base
Batter strikes out.
Bottom of the 3rd over - 0 run(s), 1 hit(s), 0 error(s), 0 left on base; Panama City 2 - Richardson City 3
TOP OF THE 4TH
Panama City Piranhas batting - Pitching for Richardson City Thundercats : LHP Armando Gonzáles
Batting: RHB Armando Alvarado 0-0: Called Strike
0-1: DOUBLE (Line Drive, 8LXD) - OUT at third base trying to stretch hit.
Batting: RHB Fernando Silva 0-0: Fly out, F6 (Line Drive, 6)
Batting: RHB Tim Barnes 0-0: Ball
1-0: Swinging Strike
1-1: Foul Ball, location: 2F
1-2: Ball
2-2: Ball
3-2: Foul Ball, location: 2F
3-2: Foul Ball, location: 2F
3-2: Foul Ball, location: 2F
3-2: DOUBLE (Line Drive, 7LM)
Batting: SHB Marc Talamante 0-0: Ball
1-0: Ground out 5-3 (Groundball, 5L)
Top of the 4th over - 0 run(s), 2 hit(s), 0 error(s), 1 left on base; Panama City 2 - Richardson City 3
BOTTOM OF THE 4TH
Richardson City Thundercats batting - Pitching for Panama City Piranhas : RHP Eduardo Capata
Batting: RHB Alan Elder 0-0: Ground out 6-3 (Groundball, 6)
Batting: RHB Joey Jones 0-0: SOLO HOME RUN (Flyball, 9LD), Distance : 356 ft
Batting: RHB Alden Wiley 0-0: Ball
1-0: Foul Ball, location: 2F
1-1: Ball
2-1: Fly out, F4 (Line Drive, 4M)
Batting: SHB Mitch Qualtrough 0-0: Called Strike
0-1: Ball
1-1: Ball
2-1: Ball
3-1: SINGLE (Groundball, 6MD)
Batting: RHB Chriss Mann 0-0: Ball
Mitch Qualtrough steals 2nd base
1-0: Called Strike
Mitch Qualtrough steals 3rd base
1-1: Ground out 6-3 (Groundball, 6)
Bottom of the 4th over - 1 run(s), 2 hit(s), 0 error(s), 1 left on base; Panama City 2 - Richardson City 4
TOP OF THE 5TH
Panama City Piranhas batting - Pitching for Richardson City Thundercats : LHP Armando Gonzáles
Pitching: RHP Eduardo Díaz
Batting: SHB Tsing Guao 0-0: Ground out 4-3 (Groundball, 4D)
Batting: LHB Herman Hayes 0-0: Fly out, F9 (Flyball, 89S)
Batting: RHB Juan Jose Ayala 0-0: Called Strike
0-1: SINGLE (Line Drive, 34)
Batting: RHB Baldomero Avino 0-0: Swinging Strike
0-1: Fly out, F8 (Flyball, 8LS)
Top of the 5th over - 0 run(s), 1 hit(s), 0 error(s), 1 left on base; Panama City 2 - Richardson City 4
BOTTOM OF THE 5TH
Richardson City Thundercats batting - Pitching for Panama City Piranhas : RHP Eduardo Capata
Batting: RHB Jonathan Cook 0-0: Ball
1-0: Fly out, F9 (Flyball, 89D)
Batting: RHB Juan Cabrera 0-0: Ball
1-0: Ball
2-0: Called Strike
2-1: Foul Ball, location: 2F
2-2: Foul Ball, location: 2F
2-2: Foul Ball, location: 2F
2-2: Foul Ball, location: 2F
2-2: Foul Ball, location: 2F
2-2: Ball
3-2: Foul Ball, location: 2F
3-2: Strikes out swinging
Batting: RHB José Cruz 0-0: Called Strike
0-1: Called Strike
0-2: Ball
1-2: Strikes out swinging
Bottom of the 5th over - 0 run(s), 0 hit(s), 0 error(s), 0 left on base; Panama City 2 - Richardson City 4
TOP OF THE 6TH
Panama City Piranhas batting - Pitching for Richardson City Thundercats : RHP Eduardo Díaz
Batting: LHB Robert Adams 0-0: Foul Ball, location: 2F
0-1: Ground out 4-3 (Groundball, 34)
Batting: RHB Armando Alvarado 0-0: SINGLE (Line Drive, 34D)
Batting: RHB Fernando Silva 0-0: Ball
1-0: SINGLE (Flyball, 89S)
Armando Alvarado to second
Runner from 2nd tries for 3rd, SAFE, throw made to third
Batting: RHB Tim Barnes 0-0: Called Strike
0-1: Ball
1-1: Ball
2-1: Ball
3-1: Foul Ball, location: 2F
3-2: Base on Balls
Fernando Silva to second
Batting: SHB Marc Talamante 0-0: Ball
1-0: Grounds into fielders choice 3-2 (Groundball, 3L)
Fernando Silva to third
Tim Barnes to second
Batting: SHB Tsing Guao 0-0: Called Strike
0-1: Fielders Choice at 2nd, 4-6 (Groundball, 4)
Top of the 6th over - 0 run(s), 2 hit(s), 0 error(s), 2 left on base; Panama City 2 - Richardson City 4
BOTTOM OF THE 6TH
Richardson City Thundercats batting - Pitching for Panama City Piranhas : RHP Eduardo Capata
Batting: RHB Tomás Martínez 0-0: Called Strike
0-1: SINGLE (Groundball, 6) (infield hit)
Batting: RHB Alan Elder 0-0: Called Strike
0-1: Ball
1-1: Fly out, F8 (Flyball, 8LM)
Batting: RHB Joey Jones 0-0: Ball
1-0: Called Strike
1-1: Grounds into double play, 6-4-3 (Groundball, 6)
Bottom of the 6th over - 0 run(s), 1 hit(s), 0 error(s), 0 left on base; Panama City 2 - Richardson City 4
TOP OF THE 7TH
Panama City Piranhas batting - Pitching for Richardson City Thundercats : RHP Eduardo Díaz
Pinch Hitting: RHB Cale Sutton 0-0: Called Strike
0-1: Swinging Strike
0-2: Ball
1-2: Ball
2-2: SINGLE (Groundball, 56D)
Batting: LHB Sergio Muńóz 0-0: Called Strike
0-1: Called Strike
0-2: Ball
1-2: Ball
2-2: Ball
3-2: Foul Ball, location: 2F
3-2: DOUBLE (Line Drive, 9LM)
Cale Sutton to third
Pinch Hitting: RHB Raúl Ortíz 0-0: Called Strike
0-1: Ball
1-1: Called Strike
1-2: Foul Ball, location: 2F
1-2: Foul Ball, location: 2F
1-2: SINGLE (Line Drive, 56D)
Cale Sutton scores
Sergio Muńóz to third
Pinch Hitting: LHB Floyd Long 0-0: Swinging Strike
0-1: Ball
1-1: Foul Ball, location: 2F
1-2: Ball
2-2: SINGLE (Groundball, 6D)
Sergio Muńóz scores
Raúl Ortíz to second
Pitching: RHP Emílio Zaragoza
Pinch Hitting: LHB Jack Sutherland 0-0: Foul Ball, location: 2F
0-1: Foul Ball, location: 2F
0-2: Ball
1-2: Strikes out swinging
Pinch Hitting: RHB Luis Alomar 0-0: Called Strike
0-1: Foul Ball, location: 2F
0-2: Ball
1-2: Fielders Choice at 2nd, 6-4 (Groundball, 6)
Raúl Ortíz to third
Pinch Hitting: RHB Rob Gray 0-0: Ball
1-0: SINGLE (Flyball, 7LS)
Raúl Ortíz scores
Luis Alomar to second
Pinch Hitting: RHB Lorenzo Rosas 0-0: Called Strike
0-1: Swinging Strike
0-2: Foul Ball, location: 2F
0-2: Ball
1-2: Fly out, F4 (Popup, 4)
Top of the 7th over - 3 run(s), 5 hit(s), 0 error(s), 2 left on base; Panama City 5 - Richardson City 4
BOTTOM OF THE 7TH
Richardson City Thundercats batting - Pitching for Panama City Piranhas : RHP Eduardo Capata
Pitching: RHP Francisco Barrios
Now at 1B: Floyd Long
Now at 2B: Raúl Ortíz
Now at 3B: Luis Alomar
Now at SS: David Sánchez
Now in LF: Jack Sutherland
Now in CF: Cale Sutton
Now in RF: Roy Childress
Batting: RHB Alden Wiley 0-0: Called Strike
0-1: Ball
1-1: Swinging Strike
1-2: Ball
2-2: Fly out, F6 (Line Drive, 6M)
Batting: SHB Mitch Qualtrough 0-0: Fly out, F6 (Flyball, 56D)
Batting: RHB Chriss Mann 0-0: Ball
1-0: Ball
2-0: Called Strike
2-1: Foul Ball, location: 2F
2-2: Ball
3-2: Base on Balls
Batting: RHB Jonathan Cook 0-0: Ball
1-0: Ball
2-0: Foul Ball, location: 2F
2-1: Foul Ball, location: 2F
2-2: Fielders Choice at 2nd, 4-6 (Groundball, 4)
Bottom of the 7th over - 0 run(s), 0 hit(s), 0 error(s), 0 left on base; Panama City 5 - Richardson City 4
TOP OF THE 8TH
Panama City Piranhas batting - Pitching for Richardson City Thundercats : RHP Emílio Zaragoza
Batting: SHB Tsing Guao 0-0: Called Strike
0-1: Foul Ball, location: 2F
0-2: Ball
1-2: SINGLE (Groundball, 4D)
Batting: RHB Cale Sutton 0-0: Ball
1-0: Ball
2-0: Called Strike
2-1: Foul Ball, location: 2F
2-2: Fly out, F3 (Popup, 34)
Batting: LHB Sergio Muńóz 0-0: Fielders Choice at 2nd, 4-6 (Groundball, 4)
Batting: RHB Raúl Ortíz 0-0: Ball
1-0: Swinging Strike
1-1: Ball
2-1: Ball
3-1: Base on Balls
Sergio Muńóz to second
Batting: LHB Floyd Long 0-0: Ball
1-0: Ball
2-0: Called Strike
2-1: Fielders Choice at 2nd, 6-4 (Groundball, 6)
Top of the 8th over - 0 run(s), 1 hit(s), 0 error(s), 1 left on base; Panama City 5 - Richardson City 4
BOTTOM OF THE 8TH
Richardson City Thundercats batting - Pitching for Panama City Piranhas : RHP Francisco Barrios
Batting: RHB Juan Cabrera 0-0: Ball
1-0: Ball
2-0: Called Strike
2-1: Ball
3-1: Swinging Strike
3-2: Strikes out looking
Batting: LHB Terrence Eler 0-0: Fly out, F9 (Flyball, 89M)
Pinch Hitting: LHB Eduardo Álvarez 0-0: Foul Ball, location: 2F
0-1: Swinging Strike
0-2: Ball
1-2: Ball
2-2: Strikes out swinging
Bottom of the 8th over - 0 run(s), 0 hit(s), 0 error(s), 0 left on base; Panama City 5 - Richardson City 4
TOP OF THE 9TH
Panama City Piranhas batting - Pitching for Richardson City Thundercats : RHP Emílio Zaragoza
Pitching: LHP Javier Ramírez
Now in CF: Eduardo Álvarez
Batting: LHB Jack Sutherland 0-0: Swinging Strike
0-1: Foul Ball, location: 2F
0-2: Ball
1-2: Strikes out looking
Pitching: LHP Manuel Franco
Batting: RHB Luis Alomar 0-0: Called Strike
0-1: Hit by Pitch
Pitching: RHP Kelsey MacGillivary
Pinch Hitting: LHB António Ramos 0-0: Ball
1-0: Ball
2-0: Foul Ball, location: 2F
2-1: SINGLE (Line Drive, 6D)
Luis Alomar to second
Pitching: RHP Frank Castle
Pinch Hitting: LHB Steve Cunningham 0-0: Ball
1-0: Ball
Wild Pitch!
Luis Alomar to third
António Ramos to second
2-0: SINGLE (Groundball, 34D)
Luis Alomar scores
António Ramos to third
Pitching: RHP Juan Cruz
Batting: SHB Tsing Guao 0-0: Ball
1-0: Fly out, F4 (Popup, 4)
Pitching: RHP Juan Carlos Herrera
Batting: RHB Cale Sutton 0-0: Ball
1-0: Swinging Strike
1-1: SINGLE (Flyball, 89S)
António Ramos scores
Steve Cunningham to second
Runner from 2nd tries for 3rd, SAFE, throw made to third
Pitching: RHP Ramón Ortega
Batting: LHB Sergio Muńóz 0-0: Ball
1-0: Called Strike
1-1: SINGLE (Groundball, 34S) (infield hit)
Steve Cunningham scores
Cale Sutton to second
Pitching: RHP Gabriel Rodríguez
Batting: RHB Raúl Ortíz 0-0: Called Strike
0-1: Ball
1-1: Ball
2-1: Ball
3-1: Swinging Strike
3-2: Foul Ball, location: 2F
3-2: Foul Ball, location: 2F
3-2: Fly out, F8 (Flyball, 8LS)
Top of the 9th over - 3 run(s), 4 hit(s), 0 error(s), 2 left on base; Panama City 8 - Richardson City 4
BOTTOM OF THE 9TH
Richardson City Thundercats batting - Pitching for Panama City Piranhas : RHP Francisco Barrios
Pitching: RHP Valentín Montenegro
Now at SS: José Correa
Now in LF: Luis Vicenteno
Batting: RHB Alan Elder 0-0: Ball
1-0: Swinging Strike
1-1: Called Strike
1-2: SINGLE (Flyball, 7LS)
Batting: RHB Joey Jones 0-0: Ball
1-0: Ball
2-0: Ball
3-0: Grounds into double play, 6-4-3 (Groundball, 6)
Pinch Hitting: LHB Fernando Ramírez 0-0: Ball
1-0: Ball
2-0: Ball
3-0: Base on Balls
Batting: SHB Mitch Qualtrough 0-0: Called Strike
0-1: Called Strike
0-2: Ball
1-2: Foul Ball, location: 2F
1-2: Ball
2-2: Strikes out swinging
Bottom of the 9th over - 0 run(s), 1 hit(s), 0 error(s), 1 left on base; Panama City 8 - Richardson City 4
Saturday, May 26th, 2018 - OOTP Baseball 17.12 Build 75